 Dungeon Crawl Stone Soup version 0.28-a0-1545-g945cd3f27e (webtiles) character file.

Game seed: 8184698034970840283

310 BritishOli the Ducker (level 6, -2/47 HPs)
             Began as a Demonspawn Gladiator on Jan 18, 2022.
             Slain by an orc (4 damage)
             ... on level 3 of the Dungeon.
             The game lasted 00:02:06 (2187 turns).

BritishOli the Ducker (Demonspawn Gladiator)        Turns: 2187, Time: 00:02:07

Health: -2/47      AC: 13    Str: 16    XL:     6   Next: 18%
Magic:  6/6        EV: 10    Int: 10    God:
Gold:   101        SH:  0    Dex: 14    Spells: 5/5 levels left

rFire   + . .      SeeInvis .   a - +0 war axe
rCold   + . .      Faith    .   (no shield)
rNeg    . . .      Spirit   .   l - +0 scale mail
rPois   .          Reflect  .   c - +0 helmet
rElec   .          Harm     .   o - scarf {rC+ rF+}
rCorr   .          Rampage  .   (no gloves)
Will    .....                   (no boots)
Stlth   ..........              (no amulet)
HPRegen 0.15/turn               g - +4 ring of protection
MPRegen 0.10/turn               (no ring)

@: no status effects
A: hooves 1, yellow scales 1, powered by pain 1
a: no special abilities


You were on level 3 of the Dungeon.
You visited 1 branch of the dungeon, and saw 3 of its levels.

You collected 101 gold pieces.

Inventory:

Hand Weapons
 a - a +0 war axe (weapon)
Missiles
 d - 3 throwing nets (quivered)
Armour
 b - a +0 leather armour
 c - a +0 helmet (worn)
 l - a +0 scale mail (worn)
 o - a scarf of resistance (worn)
Jewellery
 g - a +4 ring of protection (left hand)
 m - a ring of ice
Scrolls
 e - a scroll of teleportation {unknown}
 f - 2 scrolls of enchant weapon {unknown}
 i - 3 scrolls of identify {unknown}
 k - a scroll of fog {unknown}
 n - a scroll of blinking {unknown}
 q - a scroll of immolation {unknown}
Potions
 h - 2 potions of invisibility {unknown}
 j - a potion of ambrosia {unknown}
 p - a potion of magic {unknown}
 r - a potion of curing {unknown}


   Skills:
 + Level 3.6 Fighting
 + Level 3.9 Axes
 + Level 3.3 Throwing
 + Level 3.9 Dodging


You had 5 spell levels left.
You didn't know any spells.
Your spell library was empty.

Dungeon Overview and Level Annotations

Branches:
Dungeon (3/15)

Altars:


Innate Abilities, Weirdness & Mutations

You have large cloven feet.
You are partially covered in yellow scales. (AC +2)
You sometimes gain a little power by taking damage.


Message History

The orc closely misses you.
The giant cockroach bites you but does no damage.
The orc hits you but does no damage.
The giant cockroach bites you but does no damage.
The giant cockroach bites you but does no damage.
The orc hits you with a +0 whip.
* * * LOW HITPOINT WARNING * * *
The giant cockroach closely misses you. The orc hits you but does no damage.
The giant cockroach misses you. The orc barely misses you.
The giant cockroach bites you but does no damage.
The orc hits you but does no damage.
The giant cockroach bites you but does no damage.
The orc barely misses you. The giant cockroach closely misses you.
The giant cockroach bites you but does no damage.
The orc hits you with a +0 whip.
* * * LOW HITPOINT WARNING * * *
The giant cockroach barely misses you. The orc hits you but does no damage.
The giant cockroach closely misses you. The orc closely misses you.
The giant cockroach bites you but does no damage.
The orc hits you but does no damage.
The giant cockroach completely misses you.
The orc barely misses you. The giant cockroach misses you.
The giant cockroach barely misses you. The orc hits you but does no damage.
The giant cockroach bites you.
* * * LOW HITPOINT WARNING * * *
The orc hits you with a +0 whip.
* * * LOW HITPOINT WARNING * * *
The giant cockroach misses you. The orc hits you but does no damage.
The giant cockroach bites you but does no damage.
The orc barely misses you.
The giant cockroach bites you but does no damage.
The orc hits you but does no damage.
The giant cockroach bites you but does no damage.
The giant cockroach bites you but does no damage.
The orc hits you but does no damage. The giant cockroach barely misses you.
The orc hits you with a +0 whip.
You die...

# # ########## #
#.......$## #
#........≈######### #
#.......≈.≈≈).†.)≈##
#.......#≈.≈≈≈≈≈≈†≈#
##..###..#########..#
. ##.###≈≈≈≈≈≈..# #.
#.##≈.≈B@o†.## #.#
##.#..≈≈≈≈≈≈##
#.###.##..#######
#...###. ##.##
#.############
######.......†....#
...##........†....#
#......#####.$#.##


You could see an orc and a giant cockroach.

Vanquished Creatures
  A centaur (D:3)
  An orc priest (D:3)
  5 adders
  6 gnolls
  A worm (D:2)
  9 orcs (D:3)
  9 endoplasms
  7 giant cockroaches
  3 goblins
  A hobgoblin (D:1)
  6 jackals
  7 quokkas
  4 ball pythons
  6 bats
  5 frilled lizards
  6 kobolds
  7 rats
84 creatures vanquished.

Vanquished Creatures (others)
  2 demonic plants (D:1)
2 creatures vanquished.

Grand Total: 86 creatures vanquished

Notes
Turn   | Place    | Note
-------+----------+-------------------------------------------
     0 | D:1      | BritishOli the Demonspawn Gladiator began the quest for the
                  | Orb.
     0 | D:1      | Reached XP level 1. HP: 16/16 MP: 1/1
   235 | D:1      | Gained mutation: You are partially covered in yellow
                  | scales. (AC +2) [demonic ancestry]
   235 | D:1      | Reached XP level 2. HP: 20/22 MP: 2/2
   445 | D:1      | Found a faded altar of an unknown god.
   770 | D:2      | Reached XP level 3. HP: 26/28 MP: 3/3
  1043 | D:2      | Gained mutation: You sometimes gain a little power by
                  | taking damage. [demonic ancestry]
  1043 | D:2      | Reached XP level 4. HP: 34/34 MP: 4/4
  1492 | D:3      | Noticed a centaur
  1501 | D:3      | Killed a centaur
  1502 | D:3      | Gained mutation: You have large cloven feet. [demonic
                  | ancestry]
  1502 | D:3      | Reached XP level 5. HP: 30/41 MP: 5/5
  1799 | D:3      | Reached XP level 6. HP: 23/47 MP: 6/6
  2182 | D:3      | HP: 1/47 [orc (3)]
  2187 | D:3      | Slain by an orc

Illustrated notes

Levels and vault maps discovered:
D:1:      elethiomel_arrival_diamonds, layout_basic,
          shapermc_ecumenical_altar_gd, bh_walls_and_bars
D:2:      layout_rooms
D:3:      layout_loops_ring, gup_sewer_entry_pipe, minmay_misc_feat_alley,
          minmay_fractal_squares_gapless_5

Skill      XL: |  1  2  3  4 |
---------------+-------------+-----
Throwing       | 2 3 |  3.3
Axes           | 3 |  3.9
Dodging        | 3 |  3.9
Fighting       | 3 |  3.6

Action                   |  1- 3 |  4- 6 || total
-------------------------+-------+-------++-------
Melee: War axe           |   101 |   101 ||   202
       Punch             |     1 |       ||     1
       Kick              |       |    14 ||    14
 Stab: Sleeping          |     1 |       ||     1
Armor: Leather armour    |    68 |       ||    68
       Scale mail        |     3 |   153 ||   156
Dodge: Dodged            |    80 |   121 ||   201

Table legend: (Time is in decaauts)
 A = Elapsed time spent in this place.
 B = Non-inter-level travel time spent in this place.
 C = Inter-level travel time spent in this place.
 D = Time resting spent in this place.
 E = Time spent auto-exploring this place.
 F = Levels seen in this place.
 G = Mean time per level.
                   A        B        C        D        E       F      G
               +--------+--------+--------+--------+--------+-----+--------+
         Total |   2258 |   2197 |     61 |    128 |   1474 |   3 |  752.7 |
       Dungeon |   2258 |   2197 |     61 |    128 |   1474 |   3 |  752.7 |
               +--------+--------+--------+--------+--------+-----+--------+

Top non-repeatable levels by time:
     D:1: 923 daAuts
     D:3: 788 daAuts
     D:2: 546 daAuts
